 Dungeon Crawl Stone Soup version 0.31-a0-1522-g43313d8a59 (webtiles) character file.

Game seed: 3041709211941130916

75 tilp the Vexing (level 4, 0/32 HPs)
             Began as a Vampire Enchanter on Dec 30, 2023.
             Slain by a gnoll
             ... wielding a +0 flail
              (13 damage)
             ... on level 2 of the Dungeon.
             The game lasted 00:02:13 (1248 turns).

tilp the Vexing (Vampire Enchanter)                 Turns: 1248, Time: 00:02:14

Health: 0/32       AC:  2    Str:  7    XL:     4   Next: 11%
Magic:  0/7        EV: 12    Int: 19    God:
Gold:   40         SH:  0    Dex: 14    Spells: 2/7 levels left

rFire   . . .        a - +1 dagger
rCold   . . .        (no shield)
rNeg    . . .        h - +0 robe
rPois   .            (no helmet)
rElec   .            (no cloak)
rCorr   .            (no gloves)
SInv    +            (no boots)
Will    .....        (no amulet)
Stlth   +++          (no ring)
HPRegen 0.45/turn    (no ring)
MPRegen 0.10/turn

%: no passive effects
@: healing quickly, invisible
A: alive, fangs 3, see invisible, vampiric 2
a: Exsanguinate


You were on level 2 of the Dungeon.
You visited 1 branch of the dungeon, and saw 2 of its levels.

You collected 40 gold pieces.

Inventory:

Hand Weapons
 a - a +1 dagger (weapon)
 b - a +0 dagger of draining
Missiles
 d - 5 poisoned darts (quivered)
Armour
 h - a +0 robe (worn)
Potions
 c - a potion of invisibility
 e - 2 potions of mutation
 f - a potion of curing {unknown}
 g - a potion of brilliance {unknown}
 i - a potion of degeneration {unknown}
 j - a potion of berserk rage {unknown}


   Skills:
 * Level 1.2 Fighting
 + Level 1.7(2.1) Short Blades
 * Level 1.4(1.8) Long Blades
 + Level 2.5 Dodging
 + Level 4.7 Stealth
 + Level 2.2 Spellcasting
 + Level 4.8 Hexes
 + Level 0.9 Ice Magic


You had 2 spell levels left.
You knew the following spells:

 Your Spells              Type           Power      Damage    Failure   Level
a - Ensorcelled Hibernat  Hex/Ice        26%        N/A       8%          2
b - Confusing Touch       Hex            20%        N/A       7%          3

Your spell library contained the following spells:

 Spells                   Type           Power      Damage    Failure   Level
 Magic Dart               Conj           8%         1d3       17%         1
 Blink                    Tloc           4%         N/A       26%         2
 Call Imp                 Summ           4%         N/A       26%         2
 Tukima's Dance           Hex            20%        N/A       7%          3
 Dazzling Flash           Conj/Hex       22%        N/A       19%         3


Dungeon Overview and Level Annotations

Branches:
Dungeon (2/15)

Altars:


Innate Abilities, Weirdness & Mutations

Your natural rate of healing is accelerated.
You have razor-sharp teeth.
You have supernaturally acute eyesight. (SInv)
You are afflicted with vampirism and can become a bat while bloodless.


Message History

You see here a +0 club.
i - a fuming brown potion A gnoll comes into view.
It is wielding a +0 flail.
The gnoll shouts!
A gnoll is nearby! 2 gnolls come into view.
Unknown command.
Casting: Ensorcelled Hibernation (safe; 8% risk of failure)
Confirm with . or Enter, or press ? or * to list all spells.
Aiming: Ensorcelled Hibernation (safe; 8% risk of failure)
Press: ? - help, Shift-Dir - straight line, f - gnoll
Aim: a gnoll, wielding a +0 flail (chance to affect: 54%)
The gnoll looks drowsy...
The gnoll shouts! x2
Unknown command.
The helpless gnoll fails to defend itself.
You impale the gnoll!!
You kill the gnoll!
The gnoll hits you with a +0 flail!
You have reached level 4!
The gnoll attacks as it pursues you! The gnoll hits you with a +0 flail!
* * * LOW HITPOINT WARNING * * *
Unknown command.
Casting: Ensorcelled Hibernation (safe; 8% risk of failure)
Confirm with . or Enter, or press ? or * to list all spells.
Aiming: Ensorcelled Hibernation (safe; 8% risk of failure)
Press: ? - help, Shift-Dir - straight line, f - gnoll
Aim: a gnoll, wielding a +0 flail (chance to affect: 55%)
The gnoll resists with significant effort.
Unknown command.
Casting: Ensorcelled Hibernation (safe; 8% risk of failure)
Confirm with . or Enter, or press ? or * to list all spells.
Aiming: Ensorcelled Hibernation (safe; 8% risk of failure)
Press: ? - help, Shift-Dir - straight line, f/p - gnoll
Aim: a gnoll, wielding a +0 flail (chance to affect: 55%)
The gnoll resists with significant effort.
Unknown command.
You fade into invisibility!
The gnoll hits you with a +0 flail!
You die...

#.........#
#.#######.# #.# #.#
#.# #####.### #.#
#.......# ### #### #.#
#.###.#.###.###...
#.###.###.#.##........
#.........#.#.....#.##
#####@####..........#
###g#####.###..####
#..g......# #..#####
#.#.#####.# #.......
#.... #.###+###### #
... #.##...##
.....###.#..)..##
................##
##...## #.........##


You could see 2 gnolls.

Vanquished Creatures
  Jessica (D:2)
  A gnoll (D:2)
  2 dart slugs (D:1)
  A bat (D:1)
  4 endoplasms (D:1)
  A goblin (D:2)
  3 hobgoblins (D:1)
  4 jackals (D:1)
  A quokka (D:1)
  6 ball pythons
  5 frilled lizards (D:1)
  3 kobolds
  4 rats (D:1)
36 creatures vanquished.

Notes
Turn   | Place    | Note
-------+----------+-------------------------------------------
     0 | D:1      | tilp the Vampire Enchanter began the quest for the Orb.
     0 | D:1      | Reached XP level 1. HP: 13/13 MP: 3/3
   144 | D:1      | Reached XP level 2. HP: 11/20 MP: 5/5
   147 | D:1      | Learned a level 2 spell: Ensorcelled Hibernation
   458 | D:1      | Reached skill level 1 in Long Blades
   496 | D:1      | Gained mutation: You are afflicted with vampirism and can
                  | become a bat while bloodless. [Vampire growth]
   496 | D:1      | Reached XP level 3. HP: 12/25 MP: 3/6
   595 | D:1      | Learned a level 3 spell: Confusing Touch
  1067 | D:2      | Noticed Jessica
  1081 | D:2      | Killed Jessica
  1082 | D:2      | Reached skill level 1 in Fighting
  1245 | D:2      | Reached XP level 4. HP: 19/32 MP: 4/7
  1248 | D:2      | Slain by a gnoll

Illustrated notes

Levels and vault maps discovered:
D:1:      mainiacjoe_arrival_oval_in_oval, layout_loops_ring,
          serial_bayou_pond_e
D:2:      layout_loops_corners, minmay_diced_spiral, uniq_jessica

Skill      XL: |  1  2  3 |
---------------+----------+-----
Long Blades    | 1 |  1.4
Fighting       | 1 |  1.2
Short Blades   | |  1.7
Dodging        | |  2.5
Stealth        | |  4.7
Spellcasting   | |  2.2
Hexes          | |  4.8
Ice Magic      | |  0.9

Action                     |  1- 3 |  4- 6 || total
---------------------------+-------+-------++-------
  Melee: Dagger            |   105 |       ||   105
         Bite              |     6 |       ||     6
         Punch             |     1 |       ||     1
   Cast: Ensorcelled Hiber |     9 |     2 ||    11
    Use: Scroll            |     3 |       ||     3
         Potion            |       |     1 ||     1
   Stab: Sleeping          |    12 |       ||    12
 Armour: Robe              |    49 |     2 ||    51
  Dodge: Dodged            |    46 |       ||    46

Table legend: (Time is in decaauts)
 A = Elapsed time spent in this place.
 B = Non-inter-level travel time spent in this place.
 C = Inter-level travel time spent in this place.
 D = Time resting spent in this place.
 E = Time spent auto-exploring this place.
 F = Levels seen in this place.
 G = Mean time per level.
                   A        B        C        D        E       F      G
               +--------+--------+--------+--------+--------+-----+--------+
         Total |   1240 |   1175 |     65 |    103 |    797 |   2 |  620.0 |
       Dungeon |   1240 |   1175 |     65 |    103 |    797 |   2 |  620.0 |
               +--------+--------+--------+--------+--------+-----+--------+

Top non-repeatable levels by time:
     D:1: 1016 daAuts
     D:2: 224 daAuts
